 Dungeon Crawl Stone Soup version bcrawl-1.12-11-gb93c957c58 (webtiles) character file.

Game seed: 17256393415626419801

42 Chiseanne the Skirmisher (level 3, -1/29 HPs)
             Began as a Barachi Archaeologist on July 10, 2019.
             Slain by a worker ant (4 damage)
             ... on level 2 of the Dungeon.
             The game lasted 00:02:35 (1222 turns).

Chiseanne the Skirmisher (Barachi Archaeologist)    Turns: 1222, Time: 00:02:35

Health: -1/29      AC:  8    Str: 12    XL:     3   Next: 56%
Magic:  3/3        EV: 13    Int: 14    God:
Gold:   151        SH:  0    Dex: 11    Spells: 2/2 levels left

rFire    . . .     SeeInvis .   q - +0 mace
rCold    . . .     Gourm    .   (no shield)
rNeg     . . .     Faith    .   a - +1 robe
rPois    .         Spirit   .   b - +1 hat
rElec    .         Reflect  .   (no cloak)
rCorr    .         Harm     .   d - +1 pair of gloves
MR       .....                  c - +1 pair of boots
Stlth    ++........             (no amulet)
HPRegen  0.09/turn              (no ring)
MPRegen  0.08/turn              (no ring)

@: lethally poisoned (-1 -> -16), studying Shields, slow
A: +LOS, swims, slowness 1, strong legs 1
a: Hop


You were on level 2 of the Dungeon.
You were not hungry.

You visited 1 branch of the dungeon, and saw 2 of its levels.

You collected 151 gold pieces.

Inventory:

Hand Weapons
 i - a +0 dagger
 q - a +0 mace (weapon)
Missiles
 h - 234 stones (quivered)
 j - 73 bolts
 k - 165 sling bullets
 l - 44 poisoned needles
 n - 187 arrows
Armour
 a - a +1 robe (worn)
 b - a +1 hat (worn)
 c - a +1 pair of boots (worn)
 d - a +1 pair of gloves (worn)
Jewellery
 r - a +6 ring of evasion {unknown}
Scrolls
 o - a scroll of blinking
 s - a scroll of enchant armour {unknown}
 t - a scroll of identify {unknown}
Potions
 m - a potion of degeneration {unknown}
Books
 e - a manual of Shields
Miscellaneous
 f - an ancient crate
Comestibles
 g - 3 rations {!d}
 p - 2 chunks of flesh


   Skills:
 - Level 3.4 Fighting
 - Level 3.3 Dodging
 - Level 3.0 Stealth
 + Level 2.3 Shields


You had 2 spell levels left.
You didn't know any spells.
Your spell library was empty.

Dungeon Overview and Level Annotations

Branches:
Dungeon (2/12)

Altars:
Dithmenos
Hepliaklqana
Okawaru
Trog


Innate Abilities, Weirdness & Mutations

Shadows flee at your approach. (+LOS)
You can swim through water.
You cover ground slowly.
You can hop short distances.


Message History

The worker ant is almost dead.
You feel sick. The worker ant barely misses you.
You barely miss the worker ant.
The worker ant is almost dead.
* * * LOW HITPOINT WARNING * * *
You feel sick. The worker ant barely misses you. The worker ant bites you.
* * * LOW HITPOINT WARNING * * *
You are more poisoned.
The worker ant poisons you!
You barely miss the worker ant.
The worker ant is almost dead.
* * * LOW HITPOINT WARNING * * *
You feel sick.
The worker ant bites you but does no damage.
The worker ant misses you.
You hit the worker ant.
The worker ant is almost dead.
* * * LOW HITPOINT WARNING * * *
You feel sick. The worker ant bites you.
You die...

##..........####.#
.#.._.........##.####
.#........#.#.##.$.<####
............#.##..# ...
.####...##.......###.#
.# #...#.........#..# ##
#...#?.##.##....# #
#......(..##..### ## #
#..##..#####@># .. ###
#...........a.# .### ..#
# ###..######.# ..# ....
.. ... .# #.# #.###.# .#
#.### #.# .# .# #....
#.# .# .# #.### ..# .#
.# #.#####.### #.# .# #
.. ............


You could see a worker ant.

Vanquished Creatures
  A worm (D:2)
  3 dart slugs
  2 bats (D:1)
  A giant cockroach (D:1)
  7 goblins (D:1)
  3 hobgoblins
  5 jackals (D:1)
  3 frilled lizards (D:1)
  3 kobolds
  3 rats
31 creatures vanquished.

Notes
Turn   | Place    | Note
-------+----------+-------------------------------------------
     0 | D:1      | Chiseanne the Barachi Archaeologist began the quest for the
                  | Orb.
     0 | D:1      | Reached XP level 1. HP: 15/15 MP: 1/1
    93 | D:1      | Reached XP level 2. HP: 9/22 MP: 2/2
   718 | D:1      | Reached XP level 3. HP: 29/29 MP: 3/3
   869 | D:1      | Reached skill level 1 in Shields
  1111 | D:2      | Found a faded altar of an unknown god.
  1166 | D:2      | Found a bloodstained altar of Trog.
  1184 | D:2      | Found a hazy altar of Hepliaklqana.
  1186 | D:2      | Found a shadowy altar of Dithmenos.
  1190 | D:2      | Found an iron altar of Okawaru.
  1222 | D:2      | Slain by a worker ant

Skill      XL: |  1  2  3 |
---------------+----------+-----
Fighting       | 2 3 |  3.4
Shields        | 2 |  2.3
Dodging        | |  3.3
Stealth        | |  3.0

Action                   || total
-------------------------++-------
Melee: Unarmed           ||   118
       Dagger            ||    65
       Mace              ||    30
  Use: Scroll            ||     3
 Stab: Sleeping          ||     6
  Eat: Chunk             ||     2
Armor: Robe              ||    83
Dodge: Dodged            ||   150
